Map: Blackpink РВ

Players

Bly

  • Race: Zerg Zerg
  • Spawn Location: 7:00

Forstalling - Winner!

  • Race: Zerg Zerg
  • Spawn Location: 1:00

VOD

Have the link to the VOD?

Description

bly vs bee 2

Time

  • Played on: Nov. 28, 2017, 12:35 p.m.
  • Length: 7:44
Show
View Real Time Build Order
Export as new Build Order

Bly Zerg 

Build Orders: Hatch First 

Get SALT Encoding   

  12  0:01  Drone  
  13  0:13  Overlord  
  13  0:17  Drone  
  14  0:31  Drone x2  
  16  0:36  Drone  
  17  0:52  Hatchery  
  17  0:56  Drone  
  17  0:58  Drone  
  17  1:02  Extractor  
  17  1:15  Spawning Pool  
  17  1:17  Drone  
  17  1:20  Drone  
  18  1:28  Drone  
  19  1:40  Overlord  
  19  1:50  Drone  
  20  2:02  Zergling x2, Queen  
  20  2:04  Zergling x2, Queen  
  20  2:06  Metabolic Boost  
  26  2:11  Drone  
  26  2:15  Drone  
  29  2:22  Drone  
  29  2:26  Drone  
  30  2:34  Drone  
  31  2:42  Zergling x2  
  32  2:46  Hatchery  
  31  2:52  Zergling x4  
  31  2:53  Baneling Nest  
  32  3:00  Overlord  
  32  3:04  Zergling x2  
  31  3:09  Zergling x4  
  33  3:17  Zergling x6  
  36  3:23  Zergling x4  
  38  3:33  Drone x4  
  41  3:37  Baneling  
  41  3:38  Baneling  
  41  3:52  Drone x2  
  43  4:05  Roach Warren  
  43  4:09  Zergling x2  
  38  4:10  Zergling x14  
  38  4:14  Overlord  
  45  4:18  Queen  
  47  4:28  Baneling  
  38  4:42  Zergling x20  
  47  4:48  Roach  
  47  4:49  Roach x2  
  53  4:58  Queen  
  42  5:07  Roach x5  
  42  5:12  Roach  
  49  5:28  Zergling x8  
  36  5:45  Zergling x2  
  36  5:46  Zergling x4  
  27  5:59  Roach  
  26  6:05  Roach  
  28  6:13  Baneling x5  
  28  6:17  Drone  
  26  6:36  Zergling x8  
  27  6:42  Drone  
  28  6:50  Drone x2  
  28  6:54  Baneling x3  
  30  7:04  Drone  
  30  7:05  Drone  
  31  7:16  Zergling x4  
  33  7:26  Zergling x6  
Show
View Real Time Build Order
Export as new Build Order

Forstalling Zerg - Winner!

Build Orders: Hatch First, Zergling Baneling 

Get SALT Encoding   

  12  0:00  Drone  
  13  0:12  Overlord  
  13  0:16  Drone  
  14  0:30  Drone x2  
  14  0:34  Drone  
  17  0:50  Hatchery  
  17  0:53  Drone  
  17  0:56  Drone  
  18  1:08  Extractor  
  17  1:11  Spawning Pool  
  17  1:14  Drone  
  17  1:18  Drone  
  18  1:27  Drone  
  19  1:39  Drone  
  20  1:49  Overlord  
  20  1:58  Baneling Nest, Queen  
  20  2:00  Zergling x2  
  22  2:02  Queen  
  22  2:03  Zergling x2  
  25  2:10  Zergling x2  
  25  2:13  Drone  
  27  2:24  Drone x2  
  29  2:31  Metabolic Boost  
  29  2:34  Queen  
  31  2:37  Drone  
  31  2:43  Baneling  
  32  2:45  Drone  
  32  2:47  Drone x2  
  35  2:56  Roach Warren  
  34  2:59  Drone  
  34  3:03  Overlord  
  34  3:07  Baneling  
  34  3:10  Zergling x2  
  35  3:20  Overlord  
  35  3:22  Zergling x10  
  40  3:30  Zergling x2  
  40  3:33  Baneling  
  39  3:37  Roach x2  
  39  3:41  Roach x2  
  47  3:42  Zergling x2  
  48  3:49  Baneling  
  48  3:50  Zergling x4  
  49  3:56  Zergling x4  
  51  4:09  Zergling x2  
  51  4:10  Zergling x4  
  51  4:11  Overlord  
  51  4:14  Baneling  
  51  4:16  Baneling  
  52  4:17  Baneling  
  48  4:33  Zergling x6  
  46  4:39  Baneling, Zergling x6  
  46  4:40  Baneling  
  48  4:47  Zergling x8  
  48  4:49  Baneling  
  48  4:50  Zergling x2  
  53  4:55  Zergling x2  
  54  5:00  Baneling  
  54  5:06  Zergling x4  
  52  5:11  Baneling x2  
  52  5:12  Zergling x2  
  52  5:14  Zergling x12  
  54  5:17  Zergling x2  
  54  5:18  Baneling  
  57  5:24  Queen  
  57  5:27  Zergling x2  
  59  5:32  Zergling x2  
  55  5:36  Zergling x2  
  52  5:43  Zergling x4  
  52  5:45  Zergling x4  
  52  5:46  Zergling x2  
  53  5:50  Zergling x4  
  53  5:51  Zergling x2  
  53  5:52  Ravager  
  53  5:53  Zergling x2  
  52  6:01  Zergling x2  
  49  6:05  Zergling x2  
  49  6:10  Overlord  
  50  6:15  Roach  
  50  6:16  Roach x3  
  58  6:19  Baneling x2  
  58  6:25  Hatchery  
  57  6:27  Zergling x2  
  57  6:30  Zergling x4  
  57  6:31  Zergling x2  
  51  6:33  Zergling x2  
  51  6:39  Roach  
  52  6:40  Roach  
  52  6:46  Zergling x8  
  55  6:48  Zergling x2  
  55  6:51  Zergling x2  
  57  6:55  Zergling x2  
  57  6:59  Baneling x2  
  57  7:00  Zergling x2  
  59  7:04  Zergling x2  
  59  7:08  Zergling x4  
  62  7:13  Zergling x4  
  64  7:16  Zergling x4  
  64  7:17  Zergling x2  
  64  7:24  Zergling x2  
Tags
 
Add a new tag
Caveats
  • Supply blocks, unpowered buildings, or Contaminate may cause inaccurate times.
  • Supply counts are checked every 10 seconds.